 Dungeon Crawl Stone Soup version 0.22.1-1-ga44c0e5 (webtiles) character file.

13499 Anon1729 the Cleaver (level 12, -10/112 HPs)
             Began as a Naga Gladiator on Oct 17, 2018.
             Was a Follower of Uskayaw.
             Killed from afar by a starcursed mass (12 damage)
             ... with an accursed screaming
             ... on level 2 of the Abyss.
             The game lasted 00:46:56 (11719 turns).

Anon1729 the Cleaver (Naga Gladiator)              Turns: 11719, Time: 00:46:57

Health: -10/112    AC: 21    Str: 18    XL:     12   Next: 6%
Magic:  20/20      EV: 11    Int: 13    God:    Uskayaw [*.....]
Gold:   801        SH:  0    Dex: 17    Spells: 10/11 levels left

rFire    . . .     SeeInvis +   T - +4 war axe (flame)
rCold    + . .     Gourm    .   (no shield)
rNeg     + . .     Faith    .   w - +6 chain mail of the Raven {Dex+2}
rPois    +         Spirit   .   t - +2 helmet {Int+3}
rElec    +         Reflect  .   M - +1 cloak of Starlight {rElec rC+ EV+4 Stlth--}
rCorr    .         Harm     .   v - +0 pair of gloves
MR       +....                  (no barding)
Stlth    ..........             l - amulet of regeneration
HPRegen  0.68/turn              B - ring of stealth
MPRegen  0.17/turn              V - ring of positive energy

@: about to teleport, very slow
A: large, stinger 1, see invisible, deformed body, mutation resistance 1, sense
surroundings 1, poison resistance, slowness 2, slow metabolism 1, spit poison 1,
AC +4
a: Spit Poison, Stomp, Renounce Religion


You were on level 2 of the Abyss.
You worshipped Uskayaw.
Uskayaw was aware of your devotion.
You were not hungry.

You visited 2 branches of the dungeon, and saw 12 of its levels.
You visited the Abyss 1 time.
You also visited: Labyrinth.

You collected 801 gold pieces.

Inventory:

Hand Weapons
 y - a +0 war axe of electrocution
 R - a +2 hand axe of draining
 T - a +4 war axe of flaming (weapon)
 U - a +0 hand axe of distortion
Missiles
 a - 14 poisoned javelins
 d - 3 throwing nets
 m - 3 steel tomahawks (quivered)
Armour
 t - a +2 helmet of intelligence (worn)
 v - a +0 pair of gloves (worn)
 w - the +6 chain mail of the Raven (worn) {Dex+2}
   (You found it in a labyrinth)

   It affects your dexterity (+2).
 C - a +1 ring mail of fire resistance
 M - the +1 cloak of Starlight (worn) {rElec rC+ EV+4 Stlth--}
   (You found it on level 6 of the Dungeon)

   It affects your evasion (+4).
   It protects you from cold.
   It insulates you from electricity.
   It makes you much less stealthy.
 X - a +0 troll leather armour
Magical Staves
 b - an uncursed staff of conjuration {unknown}
 x - an uncursed staff of energy {unknown}
Jewellery
 l - an amulet of regeneration (around neck)
 p - a cursed amulet of inaccuracy {unknown}
 B - a ring of stealth (left hand)
 I - a +3 ring of intelligence
 N - an uncursed ring of ice
 V - a ring of positive energy (right hand)
 Y - an uncursed amulet of guardian spirit
Wands
 h - a wand of flame (56)
 H - a wand of random effects (22)
 O - a wand of paralysis (17)
 P - a wand of iceblast (3)
Scrolls
 c - a scroll of identify
 e - 4 scrolls of enchant armour
 g - 2 scrolls of fear
 k - 2 scrolls of teleportation
 n - a scroll of immolation
 o - 7 scrolls of remove curse
 u - a scroll of amnesia {unknown}
 D - 2 scrolls of noise {unknown}
 E - 4 scrolls of fog
 G - a scroll of magic mapping
 K - a scroll of brand weapon {unknown}
 S - a scroll of random uselessness {unknown}
Potions
 j - a potion of magic {unknown}
 q - 2 potions of mutation
 r - a potion of brilliance {unknown}
 z - 2 potions of flight
 J - a potion of lignification
 Q - a potion of heal wounds {unknown}
Comestibles
 f - 25 rations


   Skills:
 + Level 8.8 Fighting
 * Level 12.2 Axes
 - Level 2.0 Throwing
 - Level 4.0 Armour
 - Level 4.0 Dodging
 * Level 11.3 Invocations


You had 10 spell levels left.
You knew the following spells:

 Your Spells              Type           Power        Failure   Level  Hunger
a - Apportation           Tloc           #.....       98%         1    ##.....

Your spell library contained the following spells:

 Spells                   Type           Power        Failure   Level  Hunger
 Animate Skeleton         Necr           N/A          98%         1    ##.....
 Confusing Touch          Hex            #.....       98%         1    ##.....
 Flame Tongue             Conj/Fire      #....        98%         1    ##.....
 Summon Small Mammal      Summ           #...         98%         1    ##.....
 Confuse                  Hex            #.......     100%        3    ####...
 Gell's Gravitas          Tloc           #.........   100%        3    ####...
 Cause Fear               Hex            #.........   100%        4    #####..
 Petrify                  Tmut/Erth      #.......     100%        4    #####..
 Metabolic Englaciation   Hex/Ice        #.........   100%        5    ######.
 Yara's Violent Unravell  Hex/Tmut       #.........   100%        5    ######.
 Bolt of Fire             Conj/Fire      #.........   100%        6    #######
 Dragon Form              Tmut           #.........   100%        7    #######
 Dragon's Call            Summ           #.........   100%        9    #######


Dungeon Overview and Level Annotations

Branches:
Dungeon (11/15)            Temple (1/1) D:5            Lair (0/6) D:9
    Orc (0/2) D:9

Altars:
Ashenzari
Cheibriados
Dithmenos
Elyvilon
Fedhas
Gozag
Hepliaklqana
Kikubaaqudgha
Makhleb
Nemelex Xobeh
Okawaru
Qazlal
Ru
Sif Muna
Trog
Uskayaw
Vehumet
Wu Jian
Xom
Yredelemnul
Zin
The Shining One

Shops:
D:7 *   D:8 %   D:9 [


Innate Abilities, Weirdness & Mutations

You cannot wear boots.
Your serpentine skin is tough. (AC +4)
You have supernaturally acute eyesight. (SInv)
Armour fits poorly on your strangely shaped body.
Your system is resistant to poisons. (rPois)
You cover ground very slowly.
You have a slow metabolism.
You can spit poison.
Your tail ends in a poisonous barb.
You are somewhat resistant to further mutation.
You passively map a small area around you.


Message History

Unknown command.
Unknown command.
The ufetubus hits you but does no damage.
The ufetubus hits you.
* * * LOW HITPOINT WARNING * * *
The ufetubus hits you but does no damage.
The ufetubus hits you.
* * * LOW HITPOINT WARNING * * *
A starcursed mass splits.
The smoke demon hits you but does no damage. x3
Unknown command.
Unknown command.
Okay, then.
Unknown command.
The ufetubus disappears in a puff of smoke!
The starcursed mass engulfs you but does no damage.
The iron imp hits you.
* * * LOW HITPOINT WARNING * * *
A cacophony of accursed wailing tears at your sanity!
You die...

....................§..
.#§..#..§§.55§...§.....
...#§ ?.#.5X§§§§..§§...
..§...#.55§§535.....§..
#§§.?§.....5Xx.X§...§§§§
§.....§.§.§5XXX..#.... .
..#§.§§§§§§5..3#...#.
..§....§ . §§XXXX5#.§.§.
§..... .....§5..@#§.....
....§§§......§....§.§.#.
.................#§.§§#
. §........§...§§.
§..#.#.§...#.§...
..§.....§.§.§#.
§....#§.§#.... . ...§§§§
..!..


You could see 9 starcursed masses, a smoke demon, a ynoxinul, a small
abomination, an iron imp and 6 ufetubi.

Vanquished Creatures
  A tentacled starspawn (Abyss:2)
  A thrashing horror (Abyss:2)
  A two-headed ogre (D:11)
  2 unseen horrors
  A manticore (D:11)
  A smoke demon (Abyss:2)
  2 trolls
  A queen bee (D:9)
  A hippogriff (D:8)
  A meliai zombie (D:10)
  A ynoxinul (Abyss:2)
  3 yaks (D:10)
  A hungry ghost (D:11)
  A fire bat (Abyss:2)
  A chaos spawn (Abyss:2)
  Eustachio (D:5)
  A water moccasin (D:11)
  6 orc warriors
  3 porcupines (D:9)
  A sky beast (D:11)
  2 black bears
  A phantom (D:10)
  4 wolves (D:9)
  8 centaurs
  6 ogres
  2 small abominations (Abyss:2)
  3 crocodiles (D:9)
  2 big kobolds
  2 bullfrogs
  4 scorpions
  15 killer bees (D:9)
  17 wights
  A howler monkey (D:7)
  5 crimson imps
  4 lava snakes (Lab)
  A bullfrog zombie (D:7)
  3 orc priests
  4 hounds
  10 orc wizards
  A bullfrog skeleton (D:4)
  2 iguanas
  5 worker ants
  A hound skeleton (D:10)
  A mummy (D:4)
  A worker ant zombie (D:5)
  3 howler monkey skeletons
  13 adders
  A shadow imp (D:10)
  An ufetubus (Abyss:2)
  2 adder skeletons (D:6)
  An adder zombie (D:9)
  3 worms (D:2)
  3 dart slugs
  4 leopard geckos
  28 orcs
  3 ball pythons
  3 bat zombies (D:7)
  2 giant cockroaches
  3 goblins
  8 hobgoblins
  8 jackals
  5 quokkas
  A ball python skeleton (D:5)
  4 bats
  9 frilled lizards
  2 hobgoblin zombies (D:4)
  12 kobolds
  2 kobold zombies (D:4)
  A leopard gecko skeleton (D:7)
  A quokka skeleton (D:7)
  5 rats
  3 plants (D:9)
  A starspawn tentacle (Abyss:2)
268 creatures vanquished.

Vanquished Creatures (others)
  A minotaur (Lab)
  A centaur (D:11)
  A hound (D:5)
  2 worker ants (D:5)
  A gnoll (D:5)
  A quokka (D:5)
  A fungus (D:9)
  4 starspawn tentacles (Abyss:2)
12 creatures vanquished.

Grand Total: 280 creatures vanquished

Notes
Turn   | Place    | Note
-------+----------+-------------------------------------------
     0 | D:1      | Anon1729 the Naga Gladiator began the quest for the Orb.
     0 | D:1      | Reached XP level 1. HP: 19/19 MP: 1/1
   474 | D:1      | Reached XP level 2. HP: 19/26 MP: 2/2
  1113 | D:2      | Reached XP level 3. HP: 33/33 MP: 3/3
  1474 | D:2      | Reached skill level 4 in Axes
  1474 | D:2      | Reached XP level 4. HP: 28/40 MP: 4/4
  1564 | D:2      | Found a deep blue altar of Sif Muna.
  2169 | D:3      | Reached XP level 5. HP: 43/49 MP: 5/5
  2322 | D:3      | Reached skill level 5 in Axes
  2682 | D:4      | Reached XP level 6. HP: 56/56 MP: 6/6
  2958 | D:4      | Reached skill level 6 in Axes
  3339 | D:4      | Reached XP level 7. HP: 64/64 MP: 7/7
  3408 | D:5      | Entered Level 5 of the Dungeon
  3480 | D:5      | Found a staircase to the Ecumenical Temple.
  3519 | D:5      | Found a shimmering altar of Xom.
  3545 | Temple   | Entered the Ecumenical Temple
  3555 | Temple   | Became a worshipper of Uskayaw the Reveler
  3692 | D:5      | Reached * piety under Uskayaw
  3720 | D:5      | Noticed Eustachio
  3725 | D:5      | Reached ** piety under Uskayaw
  3726 | D:5      | Killed Eustachio
  3726 | D:5      | Reached skill level 1 in Invocations
  3726 | D:5      | Reached *** piety under Uskayaw
  3982 | D:6      | Found a shimmering altar of Xom.
  4041 | D:6      | Reached skill level 1 in Armour
  4041 | D:6      | Reached skill level 7 in Axes
  4041 | D:6      | Reached XP level 8. HP: 64/73 MP: 9/9
  4042 | D:6      | Reached **** piety under Uskayaw
  4051 | D:6      | Reached ***** piety under Uskayaw
  4143 | D:6      | Noticed a two-headed ogre
  4333 | D:6      | Reached skill level 5 in Fighting
  4461 | D:6      | Found the +1 cloak of Starlight {rElec rC+ EV+4 Stlth--}
  5120 | D:7      | Reached skill level 8 in Axes
  5120 | D:7      | Reached XP level 9. HP: 48/81 MP: 12/12
  5257 | D:7      | Found an ornate altar of the Wu Jian Council.
  5300 | D:7      | Reached skill level 5 in Invocations
  5497 | D:7      | Found a hazy altar of Hepliaklqana.
  5564 | D:7      | Found a sparkling altar of Nemelex Xobeh.
  5572 | D:7      | Found Guiloo Uxof's General Store.
  5818 | D:7      | Found an ancient bone altar of Kikubaaqudgha.
  5858 | D:8      | Found Igumma Ikhla's Food Boutique.
  6075 | D:8      | Found a glowing silver altar of Zin.
  6849 | D:9      | Found a blossoming altar of Fedhas.
  7016 | D:9      | Found Butif's Armour Boutique.
  7042 | D:9      | Found a staircase to the Orcish Mines.
  7195 | D:9      | Found a staircase to the Lair.
  7202 | D:9      | Reached skill level 9 in Axes
  7216 | D:9      | Reached ****** piety under Uskayaw
  7218 | D:9      | Reached XP level 10. HP: 57/92 MP: 13/15
  7680 | D:9      | Reached skill level 10 in Axes
  7840 | D:10     | Entered Level 10 of the Dungeon
  7873 | D:10     | Noticed an unseen horror
  7879 | D:10     | Killed an unseen horror
  8094 | D:10     | Reached XP level 11. HP: 94/100 MP: 17/17
  8471 | D:11     | Noticed a manticore
  8479 | D:11     | Killed a manticore
  8479 | D:11     | Reached skill level 11 in Axes
  8532 | D:11     | Noticed an unseen horror
  8543 | D:11     | Found a labyrinth entrance.
  8546 | D:11     | Killed an unseen horror
  8626 | Lab      | Entered a labyrinth
  9640 | Lab      | Noticed a minotaur
  9650 | Lab      | Gained mutation: Your tail ends in a poisonous barb.
                  | [potion of mutation]
  9650 | Lab      | Gained mutation: You passively map a small area around you.
                  | [potion of mutation]
  9650 | Lab      | Gained mutation: You are somewhat resistant to further
                  | mutation. [potion of mutation]
 10080 | Lab      | Reached skill level 10 in Invocations
 10755 | Lab      | Learned a level 1 spell: Apportation
 11012 | Lab      | HP: 5/103 [minotaur/great mace of holy wrath (33)]
 11275 | Lab      | Banished a minotaur
 11293 | Lab      | Got a pitted chain mail
 11307 | Lab      | Identified the +6 chain mail of the Raven {Dex+2} (You
                  | found it in a labyrinth)
 11402 | D:11     | Noticed a two-headed ogre
 11408 | D:11     | Killed a two-headed ogre
 11544 | D:11     | Noticed a five-headed hydra
 11561 | D:11     | Cast into level 2 of the Abyss (a distortion unwield)
 11642 | Abyss:2  | Noticed a thrashing horror
 11674 | Abyss:2  | Killed a thrashing horror
 11693 | Abyss:2  | Noticed a tentacled starspawn
 11700 | Abyss:2  | Noticed a starcursed mass
 11703 | Abyss:2  | Killed a tentacled starspawn
 11703 | Abyss:2  | Reached skill level 12 in Axes
 11703 | Abyss:2  | Reached XP level 12. HP: 62/112 MP: 20/20
 11710 | Abyss:2  | HP: 1/112 [starcursed mass/accursed screaming (8)]
 11717 | Abyss:2  | HP: 4/112 [ufetubus[a ynoxinul] (4)]
 11719 | Abyss:2  | Killed from afar by a starcursed mass

Skill      XL: |  1  2  3  4  5  6  7  8  9 10 11 |
---------------+----------------------------------+-----
Throwing       | 2 |  2.0
Axes           | 4 5 6 7 8 9 10 12 | 12.2
Dodging        | 3 4 |  4.0
Fighting       | 3 4 5 6 7 8 |  8.8
Invocations    | 2 4 6 9 11 | 11.3
Armour         | 1 2 3 4 |  4.0

Action                   |  1- 3 |  4- 6 |  7- 9 | 10-12 || total
-------------------------+-------+-------+-------+-------++-------
Melee: War axe           |   102 |   126 |   312 |   311 ||   851
       Hand axe          |       |       |       |    31 ||    31
       Tailslap          |       |       |       |    17 ||    17
Throw: Tomahawk          |       |     2 |       |       ||     2
       Throwing net      |       |     1 |       |       ||     1
 Cast: Apportation       |       |       |       |     6 ||     6
Invok: Stomp             |       |       |     2 |       ||     2
       Line Pass         |       |       |     1 |       ||     1
 Abil: Spit Poison       |     1 |     3 |     8 |     1 ||    13
Evoke: Wand              |       |       |     2 |    11 ||    13
  Use: Potion            |       |       |     1 |    19 ||    20
       Scroll            |       |       |       |    28 ||    28
 Stab: Paralysed         |       |       |    18 |    33 ||    51
       Confused          |       |       |     1 |       ||     1
       Sleeping          |       |       |     1 |       ||     1
  Eat: Chunk             |     1 |     5 |    13 |     7 ||    26
       Ration            |       |       |       |     3 ||     3
Armor: Leather armour    |    31 |    30 |   114 |     7 ||   182
       Troll leather arm |       |       |       |    73 ||    73
       Chain mail        |       |       |       |   120 ||   120
       Ring mail         |       |       |       |    16 ||    16
       Skin              |       |       |       |     1 ||     1
Dodge: Dodged            |    75 |    71 |   262 |   385 ||   793
